 Dungeon Crawl Stone Soup version 0.14.1-24-gbdbe590 (webtiles) character file.

14447 Kenran the Fencer (level 11, -4/100 HPs)
             Began as a Minotaur Fighter on June 20, 2014.
             Was a High Priest of Okawaru.
             Slain by a polar bear (20 damage)
             ... on Level 2 of the Lair of Beasts.
             The game lasted 00:48:06 (14110 turns).

Kenran the Fencer (Minotaur Fighter)               Turns: 14110, Time: 00:48:07

HP  -4/100       AC 19     Str 23      XL: 11   Next: 79%
MP   4/4         EV  4     Int  5      God: Okawaru [*****.]
Gold 723         SH 21     Dex 14      Spells:  0 memorised, 10 levels left

rFire  . . .     SeeInvis .     I - +6,+5 falchion
rCold  . . .     Clarity  .     v - +0 plate armour
rNeg   . . .     Conserve +     c - +1 shield
rPois  .         rCorr    .     (helmet restricted)
rElec  .         rRot     .     G - +0 cloak
SustAb . .       Spirit   .     w - +1 pair of gloves {Str+3}
rMut   .         Warding  .     H - +1 pair of boots {+Jump}
Saprov . . .     Stasis   .     E - amulet of conservation
MR     .....                    (no ring)
                                x - ring of sustenance

@: about to teleport, not resistant to hostile enchantments, extremely
unstealthy
A: retaliatory headbutt, horns 2
a: Heroism, Finesse, Renounce Religion, Evoke Jump Attack


You were on level 2 of the Lair of Beasts.
You worshipped Okawaru.
Okawaru was extremely pleased with you.
You were not hungry.

You visited 3 branches of the dungeon, and saw 14 of its levels.
You also visited: Ice Cave.

You collected 780 gold pieces.
You spent 57 gold pieces at shops.

Inventory:

Hand weapons
 a - a +1,+1 long sword
 z - a +1,+1 falchion of flaming
 I - a +6,+5 falchion (weapon)
Armour
 c - a +1 shield (worn)
 v - a +0 plate armour (worn)
 w - a +1 pair of gloves of strength (worn)
 G - a +0 cloak (worn)
 H - a +1 pair of boots of jumping (worn)
Comestibles
 d - 8 bread rations
 m - 2 meat rations
 t - 13 cheeses
Scrolls
 b - a scroll of enchant weapon I
 h - 3 scrolls of identify
 q - 3 scrolls of teleportation
 J - a scroll of enchant weapon II
 L - a scroll of remove curse
Jewellery
 x - a ring of sustenance (left hand)
 E - an amulet of conservation (around neck)
Potions
 e - 3 potions of might
 f - 7 potions of curing
 g - 5 potions of agility
 j - a potion of heal wounds
 k - 2 potions of poison {unknown}
 l - a potion of berserk rage {unknown}
 o - 2 potions of restore abilities {unknown}
 p - 2 potions of haste {unknown}
 C - 2 potions of confusion {unknown}
 D - a potion of porridge
 K - a potion of magic {unknown}
 N - a potion of paralysis {unknown}


   Skills:
 * Level 10.2 Fighting
 - Level 18.3 Long Blades
 + Level 7.4 Armour
 - Level 3.6 Shields


You had 10 spell levels left.
You didn't know any spells.

Dungeon Overview and Level Annotations

Branches:
Dungeon (11/15)            Temple (1/1) D:4            Lair (2/8) D:9
    Orc: D:9-12

Altars:
Ashenzari
Cheibriados
Dithmenos
Elyvilon
Fedhas
Kikubaaqudgha
Makhleb
Nemelex Xobeh
Okawaru
Sif Muna
Trog
Vehumet
Xom
Yredelemnul
Zin
The Shining One

Shops:
D:5 ?   D:9 %   D:10 =

Annotations:
D:11 Urug


Innate Abilities, Weirdness & Mutations

You reflexively headbutt those who attack you in melee.
You have a pair of horns on your head.


Message History

The polar bear claws you but does no damage.
The polar bear claws you.
* * * LOW HITPOINT WARNING * * *
The yak gores you but does no damage. The polar bear bites you.
* * * LOW HITPOINT WARNING * * *
You block the polar bear's attack.
The polar bear claws you but does no damage.
Welcome back to the Lair of Beasts!
There is a collapsed entrance here.
Drink which item? (? for menu, Esc to quit)
Okay, then.
Read which item? (? for menu, Esc to quit)
As you read the scroll of teleportation, it crumbles to dust.
You feel strangely unstable. The polar bear bites you!
* * * LOW HITPOINT WARNING * * *
You block the polar bear's attack. x2
The polar bear bites you but does no damage.
The polar bear claws you but does no damage. x2
The polar bear bites you!
You die...

#.f..#........
##..............
#.....P..........
#.f...#......<....
##.................
##P.<#...........
##...##......#.
#...#f.Y....#....
.........@U.......
#........UU........
................##
.................#
.#####......####
######f# ##


You could see 3 polar bears and a yak.

Vanquished Creatures
  An unseen horror (D:10)
  The ghost of Kenran the Basher, an experienced GrFi of Okawaru (D:7)
  3 spiny frogs
  An item mimic (D:10)
  2 komodo dragons (Lair:1)
  A troll (D:8)
  The ghost of Kenran the Cleaver, an average HOFi (D:4)
  A deep elf mage (D:10)
  A wyvern (D:7)
  14 yaks
  A wraith (D:10)
  2 hippogriffs
  A hill giant skeleton (D:8)
  6 wolves
  A mottled dragon (D:10)
  5 orc warriors
  A porcupine (Lair:1)
  4 water moccasins
  A black bear (shapeshifter) (D:8)
  5 ice beasts
  3 sky beasts
  2 black bears
  7 ogres
  5 crocodiles
  A big kobold (D:9)
  2 centaurs
  5 giant frogs
  4 giant slugs (Lair:1)
  A gnoll sergeant (D:9)
  A cyclops skeleton (D:9)
  4 scorpions
  5 wights (D:8)
  4 killer bees (D:9)
  A troll skeleton (D:10)
  5 crimson imps
  A goliath beetle (D:9)
  A centaur zombie (D:8)
  A quasit (D:6)
  2 giant frog skeletons
  8 orc wizards
  10 hounds
  A kobold skeleton (D:10)
  9 orc priests
  12 worker ants
  2 iguanas
  An orange rat (D:7)
  A sky beast zombie (D:6)
  7 sheep (Lair:1)
  A worker ant zombie (D:8)
  12 adders
  15 green rats
  13 gnolls
  A gnoll skeleton (D:4)
  A shadow imp (D:7)
  9 giant mites
  A goliath beetle zombie (D:8)
  12 white imps (Lair:2)
  4 worms
  An iguana zombie (D:8)
  2 adder skeletons
  An adder zombie (D:7)
  8 giant eyeballs
  36 orcs
  A ball python (D:3)
  13 bats
  8 giant cockroaches
  14 hobgoblins
  12 kobolds
  An ooze (D:3)
  4 quokkas
  11 giant geckos
  A giant gecko skeleton (D:8)
  A giant mite zombie (D:8)
  4 giant newts
  A giant spore (D:9)
  20 goblins
  A goblin skeleton (D:5)
  31 jackals
  A jackal skeleton (D:4)
  2 orc skeletons
  3 orc zombies
  35 rats
  A spectral orc (D:2)
  2 ballistomycetes (D:9)
443 creatures vanquished.

Vanquished Creatures (others)
  2 fungi (Lair:2)
2 creatures vanquished.

Grand Total: 445 creatures vanquished

Notes
Turn   | Place    | Note
--------------------------------------------------------------
     0 | D:1      | Kenran, the Minotaur Fighter, began the quest for the Orb.
     0 | D:1      | Reached XP level 1. HP: 19/19 MP: 1/1
   180 | D:1      | Reached XP level 2. HP: 26/26 MP: 1/1
   413 | D:1      | Reached skill level 4 in Long Blades
   504 | D:1      | Reached XP level 3. HP: 27/31 MP: 2/2
  1255 | D:2      | Found a basalt altar of Yredelemnul.
  1526 | D:2      | Reached skill level 5 in Long Blades
  1734 | D:3      | Reached XP level 4. HP: 37/39 MP: 2/2
  2099 | D:3      | Noticed an ogre
  2125 | D:3      | Killed an ogre
  2125 | D:3      | Reached skill level 6 in Long Blades
  2125 | D:3      | Reached XP level 5. HP: 40/45 MP: 2/2
  2198 | D:3      | Found a shattered altar of Ashenzari.
  2240 | D:3      | Reached skill level 7 in Long Blades
  2483 | D:4      | Found a staircase to the Ecumenical Temple.
  2601 | D:4      | Reached XP level 6. HP: 45/51 MP: 3/3
  2608 | D:4      | Paralysed by a giant eyeball for 4 turns
  2626 | Temple   | Entered the Ecumenical Temple
  2660 | Temple   | Became a worshipper of Warmaster Okawaru
  2783 | D:4      | Noticed Kenran's ghost (average HOFi)
  2786 | D:4      | Reached skill level 8 in Long Blades
  2805 | D:4      | Killed Kenran's ghost
  2805 | D:4      | Acquired Okawaru's first power
  2805 | D:4      | Reached skill level 9 in Long Blades
  2805 | D:4      | Reached XP level 7. HP: 15/57 MP: 3/3
  3040 | D:4      | Found a shimmering altar of Xom.
  3043 | D:4      | Noticed an angel
  3046 | D:4      | Found a glowing silver altar of Zin.
  3330 | D:5      | Entered Level 5 of the Dungeon
  3401 | D:5      | Reached skill level 10 in Long Blades
  3592 | D:5      | Reached skill level 11 in Long Blades
  3858 | D:5      | Found Xududy's Magic Scroll Shop.
  3901 | D:5      | Reached XP level 8. HP: 64/64 MP: 3/3
  3949 | D:5      | Found a blossoming altar of Fedhas.
  4063 | D:5      | Found an ancient bone altar of Kikubaaqudgha.
  4063 | D:5      | Found a bloodstained altar of Trog.
  4064 | D:5      | Found a snail-covered altar of Cheibriados.
  4069 | D:5      | Found a radiant altar of Vehumet.
  4072 | D:5      | Found a white marble altar of Elyvilon.
  4078 | D:5      | Found a glowing golden altar of the Shining One.
  4452 | D:5      | Reached skill level 12 in Long Blades
  5753 | D:6      | Reached skill level 13 in Long Blades
  6032 | D:7      | Reached XP level 9. HP: 54/70 MP: 4/4
  6360 | D:7      | Noticed Kenran's ghost (experienced GrFi)
  6688 | D:7      | Killed Kenran's ghost
  6688 | D:7      | Reached skill level 14 in Long Blades
  7461 | D:8      | Paralysed by a giant eyeball for 2 turns
  7505 | D:8      | Reached skill level 15 in Long Blades
  7512 | D:8      | Paralysed by a giant eyeball for 3 turns
  7614 | D:8      | Noticed an orb spider
  7614 | D:8      | an orb spider changed into a black bear
  7896 | D:8      | Reached skill level 16 in Long Blades
  7918 | D:8      | Reached XP level 10. HP: 58/77 MP: 4/4
  8071 | D:8      | Found a basalt altar of Yredelemnul.
  8911 | D:9      | Found a staircase to the Lair.
  8949 | D:9      | Reached skill level 17 in Long Blades
  9210 | D:9      | Found Hocrekka's Food Shop.
  9232 | D:9      | Bought a bread ration for 57 gold pieces
  9329 | D:9      | Acquired Okawaru's second power
  9561 | D:9      | Reached skill level 18 in Long Blades
  9726 | D:10     | Entered Level 10 of the Dungeon
  9726 | D:10     | Found Gaejaag's Jewellery Emporium.
  9962 | D:10     | Paralysed by a giant eyeball for 4 turns
  9969 | D:10     | Paralysed by a giant eyeball for 3 turns
 10029 | D:10     | Killed an unseen horror
 10231 | D:10     | Received a gift from Okawaru
 10231 | D:10     | Reached XP level 11. HP: 41/85 MP: 4/4
 10473 | D:10     | Reached skill level 5 in Fighting
 10678 | D:10     | Paralysed by a giant eyeball for 2 turns
 11017 | D:10     | Reached skill level 5 in Armour
 11373 | D:11     | Noticed Urug
 11382 | D:11     | Noticed a four-headed hydra
 11589 | Lair:1   | Entered Level 1 of the Lair of Beasts
 11728 | Lair:1   | Found a shimmering altar of Xom.
 13815 | Lair:2   | Found a frozen archway.
 13822 | IceCv    | Entered an ice cave
 13838 | IceCv    | Reached skill level 10 in Fighting
 14110 | Lair:2   | Slain by a polar bear

Action                   |  1- 3 |  4- 6 |  7- 9 | 10-12 || total
-------------------------+-------+-------+-------+-------++-------
Melee: Long sword        |   109 |   123 |   367 |       ||   599
       Falchion          |       |       |   177 |   733 ||   910
Invok: Heroism           |       |       |     1 |     3 ||     4
  Use: Scroll            |     6 |     1 |    11 |     9 ||    27
       Potion            |       |       |       |     1 ||     1
 Stab: Distracted        |       |       |       |     1 ||     1
